TL
ROUND ROCK EXPRESS @ MEMPHIS BLUES
08/19/1982
 
TOP OF THE 1ST
Round Rock Express batting - Pitching for Memphis Blues : LHP Chris Reyes
Pitching: LHP Chris Reyes
Batting: LHB Steve Lyons 0-0: Ball
1-0: Ball
2-0: Swinging Strike
2-1: Ball
3-1: Base on Balls
Batting: RHB George Gross 0-0: Ball
1-0: Called Strike
1-1: Ball
2-1: Fly out, F4 (Flyball, 4D, EV 95.0 MPH)
Batting: LHB Al Chambers 0-0: Ball
1-0: Ball
2-0: Ball
3-0: Base on Balls
Steve Lyons to second
Batting: RHB Alejandro Sanchez 0-0: Called Strike
0-1: Called Strike
Steve Lyons steals 3rd base (no throw)
0-2: Ball
1-2: Foul Ball, location: 2F
1-2: Strikes out looking
Batting: RHB Gerald Miller 0-0: Ball
1-0: Fly out, F7 (Flyball, 7, EV 85.0 MPH)
Top of the 1st over - 0 runs, 0 hits, 0 errors, 2 left on base; Round Rock 0 - Memphis 0
BOTTOM OF THE 1ST
Memphis Blues batting - Pitching for Round Rock Express : RHP Jesus Manaure
Pitching: RHP Jesus Manaure
Batting: RHB Mariano Duncan 0-0: Called Strike
0-1: Ground out 5-3 (Groundball, 56, EV 88.1 MPH)
Batting: RHB Dave Penniall 0-0: Foul Ball, location: 2F
0-1: Ball
1-1: Foul Ball, location: 2F
1-2: Ball
2-2: Ground out 4-3 (Groundball, 4, EV 90.6 MPH)
Batting: LHB David Christianson 0-0: Ball
1-0: Foul Ball, location: 2F
1-1: Ball
2-1: SINGLE (Line Drive, 7S, EV 103.8 MPH)
Batting: RHB Chris James 0-0: Called Strike
0-1: Foul Ball, location: 2F
0-2: Ball
1-2: Strikes out looking
Bottom of the 1st over - 0 runs, 1 hit, 0 errors, 1 left on base; Round Rock 0 - Memphis 0
TOP OF THE 2ND
Round Rock Express batting - Pitching for Memphis Blues : LHP Chris Reyes
Batting: RHB Martyn Maxwell 0-0: Ball
1-0: Swinging Strike
1-1: Foul Ball, location: 2F
1-2: Strikes out swinging
Batting: RHB Mike Sodders 0-0: SOLO HOME RUN (Flyball, 78XD, EV 93.1 MPH), Distance : 423 ft
Batting: LHB Luis Armijo 0-0: Reached on error, E3 (Groundball, 3, EV 84.4 MPH)
Batting: LHB Mike Kripner 0-0: Ball
1-0: Grounds into double play, 4-6-3 (Groundball, 4, EV 95.0 MPH)
Top of the 2nd over - 1 run, 1 hit, 1 error, 0 left on base; Round Rock 1 - Memphis 0
BOTTOM OF THE 2ND
Memphis Blues batting - Pitching for Round Rock Express : RHP Jesus Manaure
Batting: RHB Randy Filkins 0-0: Ball
1-0: Ball
2-0: Ball
3-0: Called Strike
3-1: Base on Balls
Batting: RHB Augustine Garrett 0-0: Ball
1-0: Swinging Strike
1-1: Swinging Strike
1-2: Ball
2-2: Fielders Choice at 2nd, 6-4 (Groundball, 6, EV 88.1 MPH)
Batting: LHB Don Jacoby 0-0: Called Strike
0-1: Ball
1-1: DOUBLE (Flyball, 8LXD, EV 109.4 MPH)
Augustine Garrett to third
Runner from 3rd tries for Home, SAFE, no throw by CF
Batting: RHB William Muth 0-0: Called Strike
0-1: Foul Ball, location: 2F
0-2: Foul Ball, location: 2F
0-2: 2-RUN HOME RUN (Flyball, 7D, EV 93.1 MPH), Distance : 393 ft
Batting: RHB Bradley Shames 0-0: Foul Ball, location: 2F
0-1: Foul Ball, location: 2F
0-2: Ball
1-2: Foul Ball, location: 2F
1-2: Strikes out swinging
Batting: RHB Mariano Duncan 0-0: Called Strike
0-1: Foul Ball, location: 2F
0-2: Ball
1-2: Foul Ball, location: 2F
1-2: Ball
2-2: Ball
3-2: Fly out, F7 (Flyball, 7LS, EV 80.0 MPH)
Bottom of the 2nd over - 3 runs, 2 hits, 0 errors, 0 left on base; Round Rock 1 - Memphis 3
TOP OF THE 3RD
Round Rock Express batting - Pitching for Memphis Blues : LHP Chris Reyes
Batting: LHB Steve Lyons 0-0: Called Strike
0-1: Ball
1-1: Foul Ball, location: 2F
1-2: Ball
2-2: Foul Ball, location: 2F
2-2: Strikes out looking
Batting: RHB George Gross 0-0: Called Strike
0-1: Ground out 1-3 (Groundball, 34S, EV 76.3 MPH)
Batting: LHB Al Chambers 0-0: Foul Ball, location: 2F
0-1: TRIPLE (Flyball, 78XD, EV 88.8 MPH)
Batting: RHB Alejandro Sanchez 0-0: Swinging Strike
0-1: Called Strike
0-2: Strikes out swinging
Top of the 3rd over - 0 runs, 1 hit, 0 errors, 1 left on base; Round Rock 1 - Memphis 3
BOTTOM OF THE 3RD
Memphis Blues batting - Pitching for Round Rock Express : RHP Jesus Manaure
Batting: RHB Dave Penniall 0-0: Swinging Strike
0-1: Foul Ball, location: 2F
0-2: Strikes out looking
Batting: LHB David Christianson 0-0: Ball
1-0: Ball
2-0: Ball
3-0: Base on Balls
Batting: RHB Chris James 0-0: Ball
1-0: Ball
2-0: Called Strike
2-1: Fly out, F4 (Popup, 4S, EV 71.3 MPH)
Batting: RHB Randy Filkins 0-0: Ball
1-0: Ball
2-0: Called Strike
2-1: Called Strike
2-2: Ball
3-2: Foul Ball, location: 2F
3-2: Base on Balls
David Christianson to second
Batting: RHB Augustine Garrett 0-0: Swinging Strike
0-1: Called Strike
0-2: Ball
1-2: Ball
2-2: Ball
3-2: Foul Ball, location: 2F
3-2: Fly out, F4 (Popup, 4MD, EV 53.1 MPH)
Bottom of the 3rd over - 0 runs, 0 hits, 0 errors, 2 left on base; Round Rock 1 - Memphis 3
TOP OF THE 4TH
Round Rock Express batting - Pitching for Memphis Blues : LHP Chris Reyes
Batting: RHB Gerald Miller 0-0: Called Strike
0-1: Ball
1-1: Foul Ball, location: 2F
1-2: Foul Ball, location: 2F
1-2: Ball
2-2: Strikes out looking
Batting: RHB Martyn Maxwell 0-0: Fly out, F8 (Line Drive, 8LM, EV 105.0 MPH)
Batting: RHB Mike Sodders 0-0: Called Strike
0-1: Ball
1-1: Ball
2-1: Foul Ball, location: 2F
2-2: Foul Ball, location: 2F
2-2: Ball
3-2: Foul Ball, location: 2F
3-2: Foul Ball, location: 2F
3-2: Foul Ball, location: 2F
3-2: Foul Ball, location: 2F
3-2: Foul Ball, location: 2F
3-2: Base on Balls
Batting: LHB Luis Armijo 0-0: Ball
Mike Sodders is caught stealing 2nd base 2-6
Top of the 4th over - 0 runs, 0 hits, 0 errors, 0 left on base; Round Rock 1 - Memphis 3
BOTTOM OF THE 4TH
Memphis Blues batting - Pitching for Round Rock Express : RHP Jesus Manaure
Batting: LHB Don Jacoby 0-0: Ball
1-0: Called Strike
1-1: Ball
2-1: Swinging Strike
2-2: Ball
3-2: Base on Balls
Batting: RHB William Muth 0-0: Ball
1-0: Ball
2-0: Called Strike
2-1: Swinging Strike
2-2: Foul Ball, location: 2F
2-2: Ball
3-2: Base on Balls
Don Jacoby to second
Batting: RHB Bradley Shames 0-0: Foul Ball, location: 2F
0-1: Foul Ball, location: 2F
0-2: Ball
1-2: Strikes out swinging
Batting: RHB Mariano Duncan 0-0: Ball
1-0: Called Strike
1-1: Fielders Choice at 2nd, 6-4 (Groundball, 6, EV 78.1 MPH)
Don Jacoby to third
Batting: RHB Dave Penniall 0-0: Ground out 4-3 (Groundball, 34, EV 89.4 MPH)
Bottom of the 4th over - 0 runs, 0 hits, 0 errors, 2 left on base; Round Rock 1 - Memphis 3
TOP OF THE 5TH
Round Rock Express batting - Pitching for Memphis Blues : LHP Chris Reyes
Batting: LHB Luis Armijo 0-0: Ball
1-0: Ball
2-0: Called Strike
2-1: Ball
3-1: Fly out, F9 (Flyball, 89D, EV 99.4 MPH)
Batting: LHB Mike Kripner 0-0: Foul Ball, location: 2F
0-1: Ball
1-1: Ball
2-1: Foul Ball, location: 2F
2-2: Strikes out swinging
Batting: LHB Steve Lyons 0-0: Foul Ball, location: 2F
0-1: Swinging Strike
0-2: Ball
1-2: Strikes out swinging
Top of the 5th over - 0 runs, 0 hits, 0 errors, 0 left on base; Round Rock 1 - Memphis 3
BOTTOM OF THE 5TH
Memphis Blues batting - Pitching for Round Rock Express : RHP Jesus Manaure
Batting: LHB David Christianson 0-0: Ground out 4-3 (Groundball, 4MS, EV 93.8 MPH)
Batting: RHB Chris James 0-0: Called Strike
0-1: Called Strike
0-2: Ball
1-2: SINGLE (Line Drive, 78M, EV 100.0 MPH)
Batting: RHB Randy Filkins 0-0: Ball
1-0: Ball
2-0: Ball
3-0: Called Strike
3-1: Fly out, F8 (Flyball, 8RS, EV 81.9 MPH)
Batting: RHB Augustine Garrett 0-0: Called Strike
0-1: Called Strike
0-2: Foul Ball, location: 2F
0-2: Fly out, F9 (Line Drive, 9, EV 94.4 MPH)
Bottom of the 5th over - 0 runs, 1 hit, 0 errors, 1 left on base; Round Rock 1 - Memphis 3
TOP OF THE 6TH
Round Rock Express batting - Pitching for Memphis Blues : LHP Chris Reyes
Batting: RHB George Gross 0-0: Hit by Pitch
Batting: LHB Al Chambers 0-0: Called Strike
0-1: Fly out, F6 (Line Drive, 6, EV 67.5 MPH)
Batting: RHB Alejandro Sanchez 0-0: Called Strike
0-1: Foul Ball, location: 2F
0-2: Strikes out swinging
Batting: RHB Gerald Miller 0-0: Ball
1-0: Ball
2-0: Ball
3-0: Called Strike
3-1: Called Strike
3-2: SINGLE (Line Drive, 8RS, EV 95.6 MPH)
George Gross to second
George Gross to third
Batting: RHB Martyn Maxwell 0-0: Fly out, F8 (Flyball, 8LS, EV 93.8 MPH)
Top of the 6th over - 0 runs, 1 hit, 0 errors, 2 left on base; Round Rock 1 - Memphis 3
BOTTOM OF THE 6TH
Memphis Blues batting - Pitching for Round Rock Express : RHP Jesus Manaure
Batting: LHB Don Jacoby 0-0: Ball
1-0: Ball
2-0: Ball
3-0: Called Strike
3-1: Foul Ball, location: 2F
3-2: SOLO HOME RUN (Flyball, 9LD, EV 87.5 MPH), Distance : 352 ft
Batting: RHB William Muth 0-0: Ball
1-0: Ball
2-0: Called Strike
2-1: Ball
3-1: Foul Ball, location: 2F
3-2: Ground out 4-3 (Groundball, 34D, EV 80.0 MPH)
Batting: RHB Bradley Shames 0-0: Ball
1-0: Fly out, F9 (Flyball, 9S, EV 76.9 MPH)
Batting: RHB Mariano Duncan 0-0: Ball
1-0: SINGLE (Groundball, 6S, EV 73.8 MPH) (infield hit)
Batting: RHB Dave Penniall 0-0: Called Strike
0-1: Ball
Mariano Duncan steals 2nd base
1-1: DOUBLE (Line Drive, 9LS, EV 98.1 MPH)
Mariano Duncan scores
Pitching: RHP Richard Dotson
Batting: LHB David Christianson 0-0: Ball
1-0: Foul Ball, location: 2F
1-1: Foul Ball, location: 2F
1-2: Ball
2-2: Ball
3-2: Strikes out swinging
Bottom of the 6th over - 2 runs, 3 hits, 0 errors, 1 left on base; Round Rock 1 - Memphis 5
TOP OF THE 7TH
Round Rock Express batting - Pitching for Memphis Blues : LHP Chris Reyes
Batting: RHB Mike Sodders 0-0: Ball
1-0: Ball
2-0: Called Strike
2-1: Foul Ball, location: 2F
2-2: Foul Ball, location: 2F
2-2: Foul Ball, location: 2F
2-2: Fly out, F8 (Flyball, 8RS, EV 81.9 MPH)
Batting: LHB Luis Armijo 0-0: Ground out U3 (Groundball, 3, EV 82.5 MPH)
Batting: LHB Mike Kripner 0-0: Ball
1-0: Foul Ball, location: 2F
1-1: Foul Ball, location: 2F
1-2: Strikes out swinging
Top of the 7th over - 0 runs, 0 hits, 0 errors, 0 left on base; Round Rock 1 - Memphis 5
BOTTOM OF THE 7TH
Memphis Blues batting - Pitching for Round Rock Express : RHP Richard Dotson
Batting: RHB Chris James 0-0: Ball
1-0: Foul Ball, location: 2F
1-1: Swinging Strike
1-2: Ball
2-2: Fly out, F7 (Flyball, 7, EV 90.6 MPH)
Batting: RHB Randy Filkins 0-0: Ball
1-0: Ball
2-0: Ball
3-0: Base on Balls
Batting: RHB Augustine Garrett 0-0: Grounds into double play, 6-4-3 (Groundball, 6, EV 96.3 MPH)
Bottom of the 7th over - 0 runs, 0 hits, 0 errors, 0 left on base; Round Rock 1 - Memphis 5
TOP OF THE 8TH
Round Rock Express batting - Pitching for Memphis Blues : LHP Chris Reyes
Batting: LHB Steve Lyons 0-0: Called Strike
0-1: Ball
1-1: Swinging Strike
1-2: Strikes out swinging
Batting: RHB George Gross 0-0: Swinging Strike
0-1: Ball
1-1: Called Strike
1-2: Ball
2-2: Strikes out swinging
Batting: LHB Al Chambers 0-0: Ball
1-0: Fly out, F7 (Flyball, 7LM, EV 91.3 MPH)
Top of the 8th over - 0 runs, 0 hits, 0 errors, 0 left on base; Round Rock 1 - Memphis 5
BOTTOM OF THE 8TH
Memphis Blues batting - Pitching for Round Rock Express : RHP Richard Dotson
Batting: LHB Don Jacoby 0-0: Foul Ball, location: 2F
0-1: Swinging Strike
0-2: Foul Ball, location: 2F
0-2: Hit by Pitch
Batting: RHB William Muth 0-0: Fielders Choice at 2nd, 5-4 (Groundball, 56, EV 86.3 MPH)
Batting: RHB Bradley Shames 0-0: Called Strike
0-1: Called Strike
William Muth steals 2nd base
0-2: Strikes out swinging
Batting: RHB Mariano Duncan 0-0: Swinging Strike
0-1: Ball
1-1: Ball
2-1: Fly out, F3 (Popup, 23F, EV 81.9 MPH)
Bottom of the 8th over - 0 runs, 0 hits, 0 errors, 1 left on base; Round Rock 1 - Memphis 5
TOP OF THE 9TH
Round Rock Express batting - Pitching for Memphis Blues : LHP Chris Reyes
Batting: RHB Alejandro Sanchez 0-0: Ball
1-0: Fly out, F9 (Flyball, 9LS, EV 95.0 MPH)
Batting: RHB Gerald Miller 0-0: Ground out 3-1 (Groundball, 23, EV 85.6 MPH)
Batting: RHB Martyn Maxwell 0-0: Ball
1-0: Ball
2-0: Ball
3-0: Called Strike
3-1: Base on Balls
Batting: RHB Mike Sodders 0-0: Ball
1-0: Ball
2-0: Swinging Strike
2-1: Ground out 5-3 (Groundball, 56, EV 87.5 MPH)
Top of the 9th over - 0 runs, 0 hits, 0 errors, 1 left on base; Round Rock 1 - Memphis 5
Monday, August 24th, 2020 - OOTP Baseball 21.5 Build 76